 Dungeon Crawl Stone Soup version 0.18.1-8-gdd0e5ea (webtiles) character file.

14248 sleepydude the Basher (level 11, 0/112 HPs)
             Began as a Minotaur Berserker on June 11, 2016.
             Was a High Priest of Trog.
             Slain by a vampire (4 damage)
             ... on level 12 of the Dungeon.
             The game lasted 00:49:45 (11372 turns).

sleepydude the Basher (Minotaur Berserker)         Turns: 11372, Time: 00:49:46

Health: 0/112      AC: 15    Str: 21    XL:     11   Next: 86%
Magic:  10/10      EV: 13    Int:  6    God:    Trog [*****.]
Gold:   560        SH:  9    Dex: 13    Spells: 0 memorised, 10 levels left

rFire  + . .     SeeInvis .     t - +3 morningstar
rCold  . . .     Gourm    .     k - +3 ring mail {rF+}
rNeg   . . .     Faith    .     j - +0 shield
rPois  .         Spirit   .     (helmet restricted)
rElec  .         Dismiss  .     (no cloak)
rCorr  .         Reflect  +     u - +0 pair of gloves
SustAt .         Harm     .     (no boots)
MR     .....     Rnd*Tele +     J - +2 amulet of reflection
Stlth  +.........               (no ring)
                                I - ring of flight

@: not resistant to hostile enchantments, very unstealthy
A: retaliatory headbutt, horns 2, rough black scales 1, clever 1, mutation
resistance 1, robust 1, teleportitis 1, sturdy frame 1
a: Berserk, Trog's Hand, Brothers in Arms, Burn Spellbooks, Renounce Religion,
Evoke Flight


You were on level 12 of the Dungeon.
You worshipped Trog.
Trog was extremely pleased with you.
You were hungry.

You visited 1 branch of the dungeon, and saw 12 of its levels.

You collected 560 gold pieces.

Inventory:

Hand Weapons
 q - a +1 whip of electrocution
 t - a +3 morningstar (weapon)
 B - a +6 hand crossbow
Armour
 j - a +0 shield (worn)
 k - a +3 ring mail of fire resistance (worn)
 u - a +0 pair of gloves (worn)
Jewellery
 o - an uncursed amulet of guardian spirit
 I - a ring of flight (left hand)
 J - a +2 amulet of reflection (around neck)
 L - an uncursed ring of ice
Wands
 p - a wand of slowing (24/48)
 r - a wand of polymorph (2/24)
 E - a wand of iceblast (9/15)
 F - a wand of heal wounds (7/9)
 K - a wand of acid (5/15)
Scrolls
 a - a scroll of random uselessness {unknown}
 b - 2 scrolls of enchant armour {unknown}
 d - 2 scrolls of recharging
 e - 2 scrolls of fear {unknown}
 f - a scroll of silence {unknown}
 g - 16 scrolls of identify
 i - a scroll of remove curse
 m - 2 scrolls of teleportation
 n - 2 scrolls of fog
 w - 2 scrolls of enchant weapon {unknown}
 y - 3 scrolls of noise {unknown}
 z - a scroll of amnesia {unknown}
Potions
 s - a potion of invisibility {unknown}
 v - a potion of brilliance
 x - 2 potions of resistance
 A - a potion of cure mutation {unknown}
 G - 2 potions of curing
 H - a potion of berserk rage {unknown}
 M - a potion of degeneration {unknown}
Comestibles
 c - 9 bread rations
 h - 3 beef jerkies
 l - 6 meat rations
 C - 4 fruits
 D - 6 slices of pizza
 N - 3 chunks of flesh


   Skills:
 * Level 11.0 Fighting
 - Level 14.1 Maces & Flails
 * Level 10.8 Armour
 * Level 9.9 Dodging


You had 10 spell levels left.
You didn't know any spells.

Dungeon Overview and Level Annotations

Branches:
Dungeon (12/15)            Temple (0/1) D:6            Lair (0/8) D:9
    Orc (0/2) D:10

Altars:
Dithmenos
Gozag
Okawaru
Qazlal
Ru
Xom

Annotations:
D:11 Urug


Innate Abilities, Weirdness & Mutations

You reflexively headbutt those who attack you in melee.
You have a pair of horns on your head.
You are partially covered in rough black scales (AC +4, Dex -1).
Your mind is acute. (Int +2)
You are somewhat resistant to further mutation.
You are robust (+10% HP).
You are occasionally teleported next to monsters.
Your movements are slightly less encumbered by armour (ER -2).


Message History

You feel less confused. Something hits you. Something barely misses you.
Something hits you!
* * * LOW HITPOINT WARNING * * *
Something bites you.
* * * LOW HITPOINT WARNING * * *
Something draws strength from your injuries!
You hit something but do no damage. You headbutt something!
Unholy energy fills the air.
* * * LOW HITPOINT WARNING * * *
Unknown command.
Your two-headed ogre goes berserk!
You are feeling hungry.
Something hits you but does no damage. Something bites you.
* * * LOW HITPOINT WARNING * * *
Something draws strength from your injuries!
Something hits your two-headed ogre. Something bites your two-headed ogre!
Your two-headed ogre rages.
Something hits you.
You die...

##########
#........#
+@.......#
#O.......#
#........#
######'###
#..# ##.#
#.# #.#
#.#


You could see a friendly two-headed ogre (berserk).

Vanquished Creatures
  Erolcha (D:10)
  Erica (D:10)
  An unseen horror (D:10)
  3 hill giants
  Pikel (D:5)
  An octopode (shapeshifter) (D:12)
  A komodo dragon (D:12)
  2 freezing wraiths (D:11)
  Prince Ribbit (D:5)
  10 yaks
  2 wyverns
  Grum (D:10)
  A hog (D:7)
  A steam dragon (D:10)
  A hippogriff (D:12)
  A hungry ghost (D:10)
  A human (D:7)
  2 water moccasins
  3 ice beasts
  An eye of draining (D:8)
  An orc warrior (D:9)
  5 phantoms
  2 sky beasts
  A slave (D:5)
  7 ogres
  A necrophage (D:8)
  A wasp (D:9)
  3 black bears
  3 wolves (D:10)
  4 centaurs
  A crocodile (D:11)
  A big kobold (D:10)
  A giant frog (D:6)
  6 scorpions
  7 killer bees
  A water moccasin skeleton (D:5)
  3 troll zombies (D:10)
  4 wights (D:6)
  2 howler monkeys (D:8)
  6 crimson imps
  A giant frog zombie (D:4)
  4 centaur zombies
  A giant frog skeleton (D:12)
  4 hounds
  5 orc priests
  6 orc wizards
  Ijyb (D:3)
  An iguana (D:11)
  9 worker ants
  A killer bee zombie (D:9)
  3 sheep (D:7)
  5 ogre zombies (D:10)
  A worker ant zombie (D:10)
  3 gnolls (D:7)
  2 howler monkey skeletons
  15 adders
  3 shadow imps
  3 oozes
  2 adder skeletons
  5 worms
  A dart slug (D:1)
  6 giant geckos
  20 orcs
  2 ball pythons (D:3)
  12 bats
  8 goblins
  14 hobgoblins
  5 jackals
  5 quokkas
  A giant gecko skeleton (D:7)
  5 giant newts
  2 goblin skeletons (D:10)
  2 goblin zombies (D:10)
  2 hobgoblin skeletons (D:10)
  2 hobgoblin zombies (D:10)
  A jackal skeleton (D:4)
  11 kobolds
  5 orc skeletons (D:10)
  10 orc zombies (D:10)
  A quokka zombie (D:8)
  24 rats
310 creatures vanquished.

Vanquished Creatures (collateral kills)
  The ghost of KrombopulosMichael the Ducker, a novice HEWr of Cheibriados (D:8)
  A hungry ghost (D:8)
  A howler monkey (D:8)
  A goblin zombie (D:10)
  An orc zombie (D:10)
5 creatures vanquished.

Vanquished Creatures (others)
  A slave (D:5)
  A worker ant (D:5)
  4 jackals (D:5)
  A fungus (D:7)
7 creatures vanquished.

Grand Total: 322 creatures vanquished

Notes
Turn   | Place    | Note
--------------------------------------------------------------
     0 | D:1      | sleepydude the Minotaur Berserker began the quest for the Orb.
     0 | D:1      | Reached XP level 1. HP: 19/19 MP: 0/0
    41 | D:1      | Reached skill level 4 in Maces & Flails
   169 | D:1      | Reached XP level 2. HP: 22/26 MP: 1/1
   625 | D:1      | Reached skill level 5 in Maces & Flails
   653 | D:2      | Reached XP level 3. HP: 31/31 MP: 2/2
   789 | D:2      | Reached ** piety under Trog
   967 | D:2      | Found an iron altar of Okawaru.
  1219 | D:3      | Reached XP level 4. HP: 39/39 MP: 3/3
  1239 | D:3      | Reached skill level 6 in Maces & Flails
  1458 | D:3      | Noticed Ijyb
  1476 | D:3      | Killed Ijyb
  1494 | D:3      | Found a sacrificial altar of Ru.
  1502 | D:3      | Reached skill level 7 in Maces & Flails
  1502 | D:3      | Reached XP level 5. HP: 45/45 MP: 4/4
  1686 | D:3      | Reached *** piety under Trog
  1816 | D:3      | Reached skill level 8 in Maces & Flails
  2211 | D:4      | Noticed an ogre
  2220 | D:4      | Killed an ogre
  2220 | D:4      | Reached XP level 6. HP: 51/51 MP: 5/5
  2317 | D:4      | Reached skill level 9 in Maces & Flails
  2552 | D:4      | Reached **** piety under Trog
  2613 | D:4      | Reached XP level 7. HP: 56/57 MP: 6/6
  2916 | D:4      | Reached skill level 10 in Maces & Flails
  3189 | D:5      | Entered Level 5 of the Dungeon
  3209 | D:5      | Noticed Pikel
  3232 | D:5      | Killed Pikel
  3232 | D:5      | Reached skill level 12 in Maces & Flails
  3232 | D:5      | Reached XP level 8. HP: 46/64 MP: 2/7
  3714 | D:5      | Noticed Prince Ribbit
  3823 | D:5      | Killed Prince Ribbit
  3823 | D:5      | Reached skill level 13 in Maces & Flails
  4100 | D:5      | Found an opulent altar of Gozag.
  4300 | D:6      | Found a staircase to the Ecumenical Temple.
  4770 | D:6      | Reached XP level 9. HP: 70/70 MP: 8/8
  4985 | D:6      | Found a stormy altar of Qazlal.
  5232 | D:6      | Reached skill level 14 in Maces & Flails
  5821 | D:7      | Reached skill level 5 in Fighting
  5825 | D:7      | Reached ***** piety under Trog
  6064 | D:7      | Found a shimmering altar of Xom.
  6065 | D:7      | Found a shimmering altar of Xom.
  6068 | D:7      | Found a shimmering altar of Xom.
  6112 | D:7      | Noticed a guardian serpent
  6114 | D:7      | Reached skill level 5 in Armour
  6336 | D:7      | Found a shadowy altar of Dithmenos.
  6807 | D:8      | Gained mutation: Your movements are slightly less encumbered by armour (ER -2). [potion of mutation]
  6807 | D:8      | Gained mutation: Your mind is acute. (Int +2) [potion of mutation]
  6807 | D:8      | Gained mutation: You are robust (+10% HP). [potion of mutation]
  6816 | D:8      | Noticed KrombopulosMichael's ghost (novice HEWr)
  6827 | D:8      | Reached skill level 5 in Dodging
  6860 | D:8      | Killed KrombopulosMichael's ghost
  6860 | D:8      | Reached XP level 10. HP: 51/92 MP: 2/9
  7142 | D:8      | Gained mutation: You are somewhat resistant to further mutation. [potion of mutation]
  7142 | D:8      | Gained mutation: You are occasionally teleported next to monsters. [potion of mutation]
  7142 | D:8      | Gained mutation: You are partially covered in rough black scales (AC +4, Dex -1). [potion of mutation]
  7431 | D:9      | Found a staircase to the Lair.
  7854 | D:10     | Entered Level 10 of the Dungeon
  7862 | D:10     | Noticed Grum
  7883 | D:10     | Killed Grum
  8027 | D:10     | Noticed Erica
  8040 | D:10     | Killed Erica
  8105 | D:10     | Noticed a hill giant
  8117 | D:10     | Killed a hill giant
  8405 | D:10     | Found a staircase to the Orcish Mines.
  8653 | D:10     | Reached XP level 11. HP: 84/106 MP: 7/10
  8687 | D:10     | Got a jewelled leather armour
  8698 | D:10     | Identified the +1 leather armour "Ceudin" {rC- rCorr MP+9 Str+4} (You found it on level 10 of the Dungeon)
  9015 | D:10     | Killed an unseen horror
  9451 | D:10     | Noticed Erolcha
  9457 | D:10     | Received a gift from Trog
  9463 | D:10     | Killed Erolcha
  9743 | D:11     | Reached skill level 10 in Fighting
  9963 | D:11     | Noticed a hill giant
  9967 | D:11     | Killed a hill giant
  9967 | D:11     | Reached skill level 10 in Armour
 10031 | D:11     | Noticed a hill giant
 10037 | D:11     | Killed a hill giant
 10060 | D:11     | Noticed Urug
 10070 | D:11     | Noticed a death knight
 10077 | D:11     | HP: 4/111 [Urug/glaive (14)]
 10079 | D:11     | Noticed a skeletal warrior
 11366 | D:12     | HP: 2/112 [something (4)]
 11372 | D:12     | Slain by a vampire

Skill      XL: |  1  2  3  4  5  6  7  8  9 10 11 |
---------------+----------------------------------+-----
Maces & Flails | 4 5 7 8 9 12 13 14 | 14.1
Fighting       | 6 9 11 | 11.0
Armour         | 6 8 10 | 10.8
Dodging        | 5 7 9 |  9.9

Action                   |  1- 3 |  4- 6 |  7- 9 | 10-12 || total
-------------------------+-------+-------+-------+-------++-------
Melee: Mace              |    79 |   161 |   148 |       ||   388
       Headbutt          |    16 |    31 |    51 |   105 ||   203
       Morningstar       |       |       |   125 |   425 ||   550
Invok: Berserk           |       |     1 |     5 |     5 ||    11
       Brothers in Arms  |       |       |     1 |     4 ||     5
       Burn Spellbooks   |       |       |       |     1 ||     1
  Use: Potion            |     3 |       |     7 |     4 ||    14
       Scroll            |       |       |     6 |     2 ||     8
 Stab: Held in net/web   |       |       |     1 |       ||     1
  Eat: Chunk             |     1 |     3 |    14 |    11 ||    29
       Beef jerky        |       |     1 |     3 |       ||     4
       Royal jelly       |       |       |       |     2 ||     2
       Meat ration       |       |       |       |     1 ||     1
       Fruit             |       |       |       |     1 ||     1
       Pizza             |       |       |       |     1 ||     1
Armor: Scale mail        |    19 |    14 |       |       ||    33
       Ring mail         |       |    51 |    72 |   198 ||   321
Dodge: Dodged            |    52 |    56 |    86 |   208 ||   402
Block: Shield            |       |    17 |    92 |   172 ||   281
       Reflection        |       |       |       |     2 ||     2
